 Dungeon Crawl Stone Soup version 0.31-a0-835-g2a3a5bc3be (webtiles) character file.

Game seed: 10633212407623950426

364 Tolsthunder the Digger (level 6, 0/32 HPs)
             Began as a Gargoyle Earth Elementalist on Sept 26, 2023.
             Was an Initiate of Vehumet.
             Killed from afar by a bog mummy (9 damage)
             ... with a puff of frost
             ... in an ossuary.
             The game lasted 00:06:12 (3563 turns).

Tolsthunder the Digger (GrEE)                       Turns: 3563, Time: 00:06:12

Health: 0/32       AC:  7    Str: 12    XL:     6   Next: 67%
Magic:  3/13       EV: 11    Int: 23    God:    Vehumet [......]
Gold:   160        SH:  0    Dex: 10    Spells: 14/15 levels left

rFire   + . .        v - +3 dagger
rCold   . . .        (no shield)
rNeg    + . .        a - +0 robe
rPois   ∞            (no helmet)
rElec   +            (no cloak)
rCorr   .            (no gloves)
SInv    .            j - +0 pair of boots
Will    +....        (no amulet)
Stlth   ++           r - +6 ring of intelligence
HPRegen 0.25/turn    c - ring "Vuhuol Jani" {rF+ Will+}
MPRegen 0.13/turn

%: no passive effects
@: slowed, very slow
A: sickness immunity, AC +4, negative energy resistance 1, electricity
resistance, torment resistance 1, petrification resistance
a: Renounce Religion


You were in an ossuary.
You worshipped Vehumet.
Vehumet was noncommittal.
You visited 2 branches of the dungeon, and saw 5 of its levels.
You also visited: Ossuary.

You collected 160 gold pieces.

Inventory:

Hand Weapons
 v - a +3 dagger (weapon)
Armour
 a - a +0 robe (worn)
 j - a +0 pair of boots (worn)
Jewellery
 c - the ring "Vuhuol Jani" (right hand) {rF+ Will+}
   (You found it on level 3 of the Dungeon)

   [ring of protection from fire]

   rF+:       It protects you from fire.
   Will+:     It increases your willpower.
 r - a +6 ring of intelligence (left hand)
Scrolls
 e - a scroll of noise
 g - 3 scrolls of identify
 h - a scroll of immolation {unknown}
 i - a scroll of teleportation {unknown}
 k - a scroll of enchant armour {unknown}
 l - a scroll of fog
 m - a scroll of enchant weapon {unknown}
 p - a scroll of acquirement {unknown}
 s - a scroll of blinking {unknown}
 t - a scroll of vulnerability {unknown}
 w - a scroll of poison {unknown}
Potions
 b - 2 potions of magic
 d - a potion of berserk rage {unknown}
 n - a potion of attraction {unknown}
 o - a potion of brilliance {unknown}
 q - 2 potions of enlightenment {unknown}
 u - 2 potions of lignification {unknown}


   Skills:
 - Level 1.5 Dodging
 - Level 2.1 Stealth
 * Level 5.2 Spellcasting
 - Level 0.7 Transmutations
 + Level 5.8 Earth Magic


You had 14 spell levels left.
You knew the following spells:

 Your Spells              Type           Power      Damage    Failure   Level
a - Sandblast             Erth           66%        2d15      1%          1

Your spell library contained the following spells:

 Spells                   Type           Power      Damage    Failure   Level
 Passwall                 Tmut/Erth      17%        N/A       3%          2
 Stone Arrow              Conj/Erth      38%        3d9       9%          3
 Freeze                   Ice            24%        1d4       10%         1
 Petrify                  Tmut/Erth      21%        N/A       24%         4
 Frozen Ramparts          Ice            12%        1d2       28%         3
 Hailstorm                Conj/Ice       6%         3d4       28%         3
 Brom's Barrelling Bould  Conj/Erth      19%        2d4       28%         4
 Fireball                 Conj/Fire      3%         3d4       95%         5
 Iskenderun's Battlesphe  Conj           6%         2d6       95%         5
 Conjure Ball Lightning   Conj/Air       3%         3x3d6     100%        6
 Orb of Destruction       Conj           3%         9d5       100%        7


Dungeon Overview and Level Annotations

Branches:
Dungeon (4/15)             Temple (1/1) D:4         Ossuary (1/1)

Altars:
Ashenzari
Hepliaklqana
Kikubaaqudgha
Nemelex Xobeh
Okawaru
Qazlal
Ru
Uskayaw
Vehumet
Wu Jian
Yredelemnul
Zin


Innate Abilities, Weirdness & Mutations

You are immune to sickness and miasma.
Your stone body is resilient. (AC +4)
You are immune to poison.
You resist negative energy. (rN+)
You are resistant to electric shocks. (rElec)
You are resistant to unholy torment.
You are immune to petrification.


Message History

You resist with almost no effort. The bullfrog zombie barely misses you.
A bog mummy comes into view.
The bog mummy gestures at you while chanting.
You resist with almost no effort. The bog mummy hits you!
* * * LOW HITPOINT WARNING * * *
Casting: Sandblast (safe; 1% risk of failure)
Confirm with . or Enter, or press ? or * to list all spells.
Aiming: Sandblast (safe; 1% risk of failure)
Press: ? - help, Shift-Dir - straight line, f/p - bog mummy
Aim: a bog mummy (severely damaged, 92% to hit)
The blast of sand hits the bog mummy!
You destroy the bog mummy!
Vehumet accepts your kill.
The bullfrog zombie hits you but does no damage. x2
The bullfrog zombie hits you.
* * * LOW HITPOINT WARNING * * *
The bog mummy misses you.
A bullfrog zombie comes into view.
Casting: Sandblast (safe; 1% risk of failure)
Confirm with . or Enter, or press ? or * to list all spells.
Aiming: Sandblast (safe; 1% risk of failure)
Press: ? - help, Shift-Dir - straight line, f - bullfrog zombie
Aim: a bullfrog zombie (90% to hit)
The blast of sand hits the bullfrog zombie!
The bullfrog zombie is moderately damaged.
The bullfrog zombie barely misses you. The bullfrog zombie closely misses you.
The bullfrog zombie hits you but does no damage.
The bog mummy misses you.
Casting: Sandblast (safe; 1% risk of failure)
Confirm with . or Enter, or press ? or * to list all spells.
Aiming: Sandblast (safe; 1% risk of failure)
Press: ? - help, Shift-Dir - straight line, f/p - bullfrog zombie
Aim: a bullfrog zombie (moderately damaged, 90% to hit)
The blast of sand hits the bullfrog zombie!
The bullfrog zombie is severely damaged.
The bullfrog zombie hits you but does no damage.
The bullfrog zombie barely misses you. The bog mummy casts a spell at you.
The puff of frost hits you!
You die...

#####
#∩..#
#.@.#
#M.Z#
##Z##
M.~
.~~
#.#.#
~# ≈#
≈ ##


You could see 2 bog mummies and 2 bullfrog zombies.

Vanquished Creatures
  2 iguanas
  3 mummies (Ossuary)
  2 orc wizards
  3 hound zombies (D:3)
  A howler monkey skeleton (D:3)
  4 adders
  An adder skeleton (D:3)
  A worm (D:2)
  2 dart slugs (D:1)
  8 orcs
  7 ball pythons
  3 endoplasms
  4 giant cockroaches
  7 goblins
  4 hobgoblins
  3 jackals (D:2)
  5 quokkas
  5 bats
  2 frilled lizards (D:2)
  11 kobolds
  4 rats
82 creatures vanquished.

Notes
Turn   | Place    | Note
-------+----------+-------------------------------------------
     0 | D:1      | Tolsthunder the Gargoyle Earth Elementalist began the quest
                  | for the Orb.
     0 | D:1      | Reached XP level 1. HP: 10/10 MP: 3/3
   108 | D:1      | Reached XP level 2. HP: 15/15 MP: 1/5
   931 | D:2      | Reached XP level 3. HP: 19/19 MP: 1/7
  1290 | D:2      | Found a broken altar of Ashenzari.
  1985 | D:3      | Reached XP level 4. HP: 24/24 MP: 7/9
  2371 | D:3      | Reached XP level 5. HP: 28/28 MP: 5/10
  2527 | D:3      | Found a faded altar of an unknown god.
  2704 | D:3      | Reached skill level 5 in Earth Magic
  2900 | D:3      | Found a sacrificial altar of Ru.
  3068 | D:3      | Identified the ring "Vuhuol Jani" {rF+ Will+}
  3342 | D:4      | Found a staircase to the Ecumenical Temple.
  3364 | Temple   | Entered the Ecumenical Temple
  3375 | Temple   | Became a worshipper of Vehumet
  3438 | D:4      | Found a basalt altar of Yredelemnul.
  3441 | D:4      | Found a sand-covered staircase.
  3446 | D:4      | Reached XP level 6. HP: 18/32 MP: 8/13
  3463 | Ossuary  | Entered an ossuary
  3555 | Ossuary  | Reached skill level 5 in Spellcasting
  3563 | Ossuary  | Killed from afar by a bog mummy

Illustrated notes

Levels and vault maps discovered:
D:1:      wander_arrival_chamber, layout_loops_ring,
          chequers_serial_rivers_room_b
D:2:      layout_basic, basic_altar
D:3:      layout_loops_cross, nicolae_ru_great_annihilating_truth,
          ebering_ecumenical_altar_webs, serial_undead, serial_undead_b,
          serial_undead_f, serial_undead_e, serial_undead_b, serial_undead_e,
          serial_undead_a, serial_undead_e
D:4:      layout_rooms, demons_altar, lemuel_doored_altar, tgw_sif,
          temple_pool_b, enter_ossuary_5, minmay_close_crescents
Temple:   hellmonk_temple_flake
Ossuary:  ossuary_zaba_flooded

Skill      XL: |  1  2  3  4  5  6 |
---------------+-------------------+-----
Earth Magic    | 4 5 |  5.8
Spellcasting   | 3 4 5 |  5.2
Dodging        | |  1.5
Stealth        | |  2.1
Transmutations | |  0.7

Action                     |  1- 3 |  4- 6 || total
---------------------------+-------+-------++-------
  Melee: Dagger            |    31 |     5 ||    36
         Punch             |     1 |       ||     1
   Cast: Sandblast         |    49 |    75 ||   124
    Use: Scroll            |       |     3 ||     3
   Stab: Sleeping          |     2 |       ||     2
 Armour: Robe              |    31 |    49 ||    80
  Dodge: Dodged            |    29 |    46 ||    75

Table legend: (Time is in decaauts)
 A = Elapsed time spent in this place.
 B = Non-inter-level travel time spent in this place.
 C = Inter-level travel time spent in this place.
 D = Time resting spent in this place.
 E = Time spent auto-exploring this place.
 F = Levels seen in this place.
 G = Mean time per level.
                   A        B        C        D        E       F      G
               +--------+--------+--------+--------+--------+-----+--------+
         Total |   3632 |   3431 |    201 |    584 |   2322 |   6 |  605.3 |
       Dungeon |   3500 |   3319 |    181 |    497 |   2322 |   4 |  875.0 |
        Temple |     22 |      2 |     20 |      0 |      0 |   1 |   22.0 |
       Ossuary |    109 |    109 |      0 |     87 |      0 |   1 |  109.0 |
               +--------+--------+--------+--------+--------+-----+--------+

Top non-repeatable levels by time:
     D:3: 1326 daAuts
     D:2: 1069 daAuts
     D:1: 935 daAuts
     D:4: 168 daAuts
 Ossuary: 109 daAuts
  Temple: 22 daAuts
